 Dungeon Crawl Stone Soup version 0.19-a0-1210-g5c1aa26 (webtiles) character file.

22178 Duffy the Cleaver (level 13, -1/98 HPs)
             Began as a Formicid Fighter on Aug 22, 2016.
             Was an Elder of the Shining One.
             Killed from afar by Azrael (17 damage)
             ... with a bolt of fire
             ... on level 2 of the Orcish Mines.
             The game lasted 00:24:10 (15045 turns).

Duffy the Cleaver (Formicid Fighter)               Turns: 15045, Time: 00:24:11

Health: -1/98      AC: 20    Str: 21    XL:     13   Next: 25%
Magic:  19/19      EV:  9    Int:  9    God:    the Shining One [****..]
Gold:   1615       SH: 12    Dex: 17    Spells: 0 memorised, 12 levels left

rFire  + . .     SeeInvis +     a - +0 battleaxe
rCold  x . .     Gourm    .     u - +0 plate armour
rNeg   + + .     Faith    .     s - +0 shield
rPois  .         Spirit   .     (helmet unavailable)
rElec  .         Dismiss  .     J - +0 cloak
rCorr  .         Reflect  .     Q - +1 pair of gloves {Dex+3}
MR     +....     Harm     .     K - +0 pair of boots
Stlth  ..........               R - amulet of regeneration
                                e - ring of fire
                                U - +2 ring of slaying

@: glowing
A: permanent stasis, dig shafts and tunnels, four strong arms, antennae 3
a: Dig, Shaft Self, Divine Shield, Cleansing Flame, Renounce Religion


You were on level 2 of the Orcish Mines.
You worshipped the Shining One.
The Shining One was greatly pleased with you.
You were hungry.

You visited 2 branches of the dungeon, and saw 14 of its levels.
You also visited: Bailey.

You collected 1615 gold pieces.

Inventory:

Hand Weapons
 a - a +0 battleaxe (weapon)
 c - a +4 scimitar of flaming
Armour
 s - a +0 shield (worn)
 u - a +0 plate armour (worn)
 J - a +0 cloak (worn)
 K - a +0 pair of boots (worn)
 Q - a +1 pair of gloves of dexterity (worn)
Rods
 b - a +2 rod of shadows (10/10)
   (You found it on level 6 of the Dungeon)
Jewellery
 e - a ring of fire (right hand)
 C - an uncursed ring of ice
 H - an uncursed ring of flight
 R - an amulet of regeneration (around neck)
 U - a +2 ring of slaying (left hand)
Wands
 g - a wand of acid (11/15)
 o - a wand of acid (11/15)
 r - a wand of acid (7/15)
 F - a wand of iceblast (13/15)
 L - a wand of iceblast (9/15)
 S - a wand of iceblast (10/15)
 V - a wand of acid (7/15)
 X - a wand of iceblast (11/15)
Scrolls
 i - 7 scrolls of identify
 k - 2 scrolls of fear
 n - a scroll of vulnerability {unknown}
 p - 4 scrolls of remove curse
 q - 3 scrolls of magic mapping
 v - 2 scrolls of random uselessness {unknown}
 w - 2 scrolls of teleportation {unknown}
 y - a scroll of brand weapon {unknown}
 B - 2 scrolls of enchant weapon
 G - a scroll of fog {unknown}
 M - a scroll of holy word {unknown}
 N - a scroll of immolation {unknown}
 W - a scroll of amnesia {unknown}
Potions
 d - a potion of might
 h - 8 potions of curing
 j - a potion of ambrosia
 m - a potion of resistance
 x - 2 potions of flight
 E - 3 potions of lignification
Books
 A - a book of Conjurations

   Spells                             Type                      Level
   a - Magic Dart                     Conjuration                  1
   b - Searing Ray                    Conjuration                  2
   c - Dazzling Spray                 Conjuration/Hexes            3
   d - Fulminant Prism                Conjuration/Hexes            4
   e - Iskenderun's Mystic Blast      Conjuration                  4
   f - Iskenderun's Battlesphere      Conjuration/Charms           5
 P - a book of Summonings

   Spells                             Type                      Level
   a - Recall                         Summoning/Translocation      3
   b - Aura of Abjuration             Summoning                    5
   c - Summon Demon                   Summoning                    5
   d - Summon Forest                  Summoning/Translocation      5
   e - Summon Mana Viper              Hexes/Summoning              5
   f - Shadow Creatures               Summoning                    6
Miscellaneous
 T - a phial of floods
Comestibles
 f - 9 bread rations
 l - 4 chunks of flesh
 t - 4 meat rations
 D - 3 slices of pizza
 I - 2 beef jerkies
 O - 5 fruits


   Skills:
 - Level 8.2 Fighting
 + Level 13.1 Axes
 - Level 10.2 Armour
 - Level 4.0 Dodging
 - Level 10.0 Shields
 + Level 5.1 Invocations
 - Level 8.0 Evocations


You had 12 spell levels left.
You didn't know any spells.

Dungeon Overview and Level Annotations

Branches:
Dungeon (12/15)            Temple (0/1) D:7            Lair (0/6) D:10
    Orc (2/2) D:12
    Elf: Orc:2

Altars:
Cheibriados
Dithmenos
Fedhas
Kikubaaqudgha
Makhleb
Okawaru
Qazlal
Ru
Sif Muna
Uskayaw
Yredelemnul
Zin
The Shining One

Shops:
D:11 *

Annotations:
Orc:2 Azrael


Innate Abilities, Weirdness & Mutations

You are under a permanent stasis effect.
You can dig through walls and to a lower floor.
Your four strong arms can wield two-handed weapons with a shield.
You have a pair of large antennae on your head. (SInv)


Message History

Azrael is severely wounded.
Azrael gestures at you.
The sphere of damnation explodes!
The damnation engulfs you!
The damnation engulfs Azrael.
Azrael completely resists.
You hear two shouts! x3; You hear a shout! x3; You hear two shouts!
You hear a shout!
You hear two shouts!
You hear a shout!
You hear two shouts!
You hear a shout!
You hit Azrael.
Azrael is severely wounded.
Azrael barely misses you.
You feel much better.
You slash Azrael!
Azrael is almost dead.
Azrael gestures at you. The bolt of fire hits you! You resist.
You hit Azrael but do no damage.
Azrael is almost dead.
Azrael gestures at you. The bolt of fire hits you! You resist.
You die...

...#.## .....# ..
#....# ..... ....#
..... #000## #.....
##0{.. ##...$.#
#0...######....<#
0#0#@#........#
##R#.........## ...
######.......###...
#.........#....
##.............
###...........
##..........
##.......#
###........#


You could see Azrael.

Vanquished Creatures
  An orc warlord (D:12)
  Erolcha (Orc:2)
  Fannar (D:11)
  Harold (D:11)
  Erica (D:9)
  An unseen horror (D:10)
  Pikel (D:6)
  2 orc knights (Bailey)
  2 hill giants
  An ugly thing (D:11)
  A cyclops (D:12)
  Maurice (D:9)
  Joseph (D:7)
  A gargoyle (D:9)
  A komodo dragon (D:10)
  A troll (D:11)
  A two-headed ogre (D:11)
  Prince Ribbit (D:7)
  A meliai zombie (D:11)
  A spriggan (D:9)
  Sigmund (D:2)
  A wraith (D:10)
  7 yaks
  A fire elemental (Orc:2)
  A hippogriff (D:12)
  A hungry ghost (D:12)
  A water moccasin (D:11)
  6 hell hounds (Orc:2)
  4 sky beasts
  18 orc warriors
  A wasp (D:12)
  2 necrophages
  3 black bears
  6 ice beasts
  A phantom (D:4)
  14 ogres
  9 centaurs
  A crocodile (D:11)
  8 giant frogs
  7 scorpions
  A wyvern skeleton (D:11)
  12 killer bees
  4 howler monkeys
  A centaur zombie (D:4)
  8 crimson imps
  3 giant frog zombies
  A wasp zombie (D:11)
  11 hounds
  6 orc priests
  3 jellies
  Crazy Yiuf (D:2)
  A quasit (D:10)
  9 orc wizards
  A giant frog skeleton (D:4)
  5 centaur skeletons
  4 iguanas
  12 worker ants
  2 hound zombies
  2 hound skeletons
  A worker ant zombie (D:11)
  11 adders
  A howler monkey skeleton (D:4)
  4 shadow imps
  2 worms
  A dart slug (D:2)
  6 giant geckos
  57 orcs
  9 giant cockroaches
  9 goblins
  9 hobgoblins
  23 jackals
  7 kobolds
  8 quokkas
  3 ball pythons
  6 bats
  A giant cockroach zombie (D:5)
  6 giant newts
  A quokka zombie (D:9)
  9 rats
376 creatures vanquished.

Vanquished Creatures (collateral kills)
  A hydra (D:11)
  The ghost of Nattefrost the Carver, a novice HEBe of Trog (Bailey)
2 creatures vanquished.

Vanquished Creatures (others)
  A slave (D:7)
  2 orc wizards (D:4)
  2 adders
  2 plants (D:10)
7 creatures vanquished.

Grand Total: 385 creatures vanquished

Notes
Turn   | Place    | Note
-------+----------+-------------------------------------------
     0 | D:1      | Duffy the Formicid Fighter began the quest for the Orb.
     0 | D:1      | Reached XP level 1. HP: 18/18 MP: 1/1
    65 | D:1      | Reached XP level 2. HP: 21/24 MP: 2/2
   118 | D:2      | Found an ancient bone altar of Kikubaaqudgha.
   118 | D:2      | Noticed Sigmund
   138 | D:2      | Killed Sigmund
   138 | D:2      | Reached skill level 4 in Axes
   138 | D:2      | Reached skill level 5 in Shields
   138 | D:2      | Reached XP level 3. HP: 16/29 MP: 3/3
   138 | D:2      | Reached XP level 4. HP: 19/35 MP: 4/4
   138 | D:2      | Reached XP level 5. HP: 23/41 MP: 5/5
   667 | D:3      | Reached XP level 6. HP: 47/47 MP: 6/6
   682 | D:3      | Found an iron altar of Okawaru.
   965 | D:4      | Found a deep blue altar of Sif Muna.
  1093 | D:4      | Noticed a phantom
  1144 | D:4      | Killed a phantom
  1332 | D:4      | Reached skill level 5 in Axes
  1332 | D:4      | Reached XP level 7. HP: 37/52 MP: 7/7
  1754 | D:5      | Entered Level 5 of the Dungeon
  1946 | D:5      | Found a snail-covered altar of Cheibriados.
  2009 | D:5      | Found a shadowy altar of Dithmenos.
  2058 | D:6      | Reached skill level 6 in Axes
  2058 | D:6      | Reached XP level 8. HP: 29/58 MP: 8/8
  2248 | D:6      | Found a basalt altar of Yredelemnul.
  2248 | D:6      | Found a hide-covered altar of Uskayaw.
  2249 | D:6      | Found a burning altar of Makhleb.
  3634 | D:5      | Reached skill level 7 in Axes
  3707 | D:5      | Found a glowing golden altar of the Shining One.
  3716 | D:5      | Became a worshipper of the Shining One
  5055 | D:2      | Found a runed door.
  5819 | D:3      | Found a blossoming altar of Fedhas.
  6415 | D:5      | Found a glowing silver altar of Zin.
  6639 | D:6      | Reached XP level 9. HP: 55/64 MP: 9/9
  7146 | D:6      | Reached skill level 10 in Shields
  7329 | D:7      | Reached skill level 8 in Axes
  7329 | D:7      | Reached skill level 1 in Evocations
  7450 | D:7      | Found a sacrificial altar of Ru.
  7480 | D:7      | Noticed Prince Ribbit
  7577 | D:7      | Noticed Pikel
  7612 | D:6      | Killed Pikel
  7878 | D:7      | Killed Prince Ribbit
  7878 | D:7      | Reached skill level 9 in Axes
  8166 | D:7      | Reached skill level 5 in Evocations
  8231 | D:7      | Noticed Joseph
  8257 | D:7      | Killed Joseph
  8257 | D:7      | Reached XP level 10. HP: 48/71 MP: 13/13
  8426 | D:7      | Found a staircase to the Ecumenical Temple.
  8653 | D:8      | Noticed a hill giant
  8661 | D:8      | Killed a hill giant
  8661 | D:8      | Reached skill level 5 in Fighting
  8661 | D:8      | Reached skill level 5 in Armour
  8710 | D:8      | Reached * piety under the Shining One
  8942 | D:8      | Reached skill level 10 in Axes
  9542 | D:2      | Noticed Crazy Yiuf
  9550 | D:2      | Killed Crazy Yiuf
  9699 | D:9      | Noticed a gargoyle
  9717 | D:9      | Killed a gargoyle
  9743 | D:9      | Noticed Erica
 10020 | D:9      | Killed Erica
 10103 | D:9      | Reached XP level 11. HP: 65/83 MP: 14/14
 10210 | D:9      | Found a stormy altar of Qazlal.
 10216 | D:9      | Noticed Maurice
 10244 | D:9      | Killed Maurice
 10771 | D:10     | Entered Level 10 of the Dungeon
 10778 | D:10     | Reached ** piety under the Shining One
 10819 | D:10     | Reached skill level 11 in Axes
 10864 | D:10     | Found a glowing golden altar of the Shining One.
 10995 | D:10     | Noticed a hill giant
 11015 | D:10     | Killed a hill giant
 11163 | D:10     | Noticed an unseen horror
 11173 | D:10     | Killed an unseen horror
 11672 | D:10     | Found a staircase to the Lair.
 11944 | D:10     | Identified a +2 rod of shadows (10/10) (You found it on level 6 of the Dungeon)
 11964 | D:11     | Noticed a four-headed hydra
 11973 | D:11     | Killed a three-headed hydra
 12075 | D:11     | Found Linefoal's Assorted Antiques.
 12100 | D:11     | Found a flagged portal.
 12108 | Bailey   | Entered a bailey
 12108 | Bailey   | Noticed an orc knight
 12108 | Bailey   | Noticed an orc knight
 12108 | Bailey   | Noticed Nattefrost's ghost (novice HEBe)
 12123 | Bailey   | Killed Nattefrost's ghost
 12310 | Bailey   | Reached XP level 12. HP: 91/91 MP: 17/17
 12624 | D:11     | Noticed Harold
 12647 | D:11     | Killed Harold
 12647 | D:11     | Reached skill level 12 in Axes
 12765 | D:11     | Reached *** piety under the Shining One
 12863 | D:11     | Noticed Fannar
 12884 | D:11     | Killed Fannar
 12884 | D:11     | Reached skill level 10 in Armour
 12884 | D:11     | Reached skill level 1 in Dodging
 13847 | D:12     | Reached skill level 1 in Invocations
 14062 | D:12     | Found a staircase to the Orcish Mines.
 14086 | D:12     | Reached **** piety under the Shining One
 14503 | Orc:1    | Entered Level 1 of the Orcish Mines
 14503 | Orc:1    | Noticed an orc warlord
 14511 | Orc:1    | Reached XP level 13. HP: 94/98 MP: 19/19
 14537 | D:12     | Killed an orc warlord
 14802 | Orc:2    | Entered Level 2 of the Orcish Mines
 14824 | Orc:2    | Noticed Erolcha
 14830 | Orc:2    | Killed Erolcha
 14900 | Orc:2    | Reached skill level 13 in Axes
 14982 | Orc:2    | Noticed Azrael
 15011 | Orc:2    | Reached skill level 5 in Invocations
 15037 | Orc:2    | The Shining One protects you from harm!
 15038 | Orc:2    | HP: 4/98 [Azrael/damnation (40)]
 15045 | Orc:2    | Killed from afar by Azrael

Vault maps used:
D:1:      sevenhm_arrival_forest_fort_small_3, nrook_loot_triangle,
          minmay_tromino_mix6
D:2:      kiku_gazebo_garden_becter, uniq_crazy_yiuf_cottage, uniq_sigmund
D:3:      lemuel_crystal_altar, okawaru_ov_weapons_minmay, first_bread
D:4:      led_sif_book
D:5:      nicolae_overflow_hidden_temple, lemuel_round_altar, tso_oasis_becter,
          slow_altar_1, minmay_statues_item
D:6:      gammafunk_temple_overflow_claw
D:7:      lemuel_crystal_altar, uniq_joseph, uniq_pikel, uniq_prince_ribbit1
D:9:      the_bakery, nicolae_qazlal_general_emergency, uniq_erica, uniq_maurice
D:10:     david_lair_shrubbed, nicolae_tso_carved_into_rock
D:11:     serial_shops, nicolae_shop_crystal, enter_bailey_2,
          hangedman_decor_riveting, uniq_harold, uniq_fannar
D:12:     orc_0_dummy
Orc:1:    uniq_gastronok
Orc:2:    st_orc_ogre_mass, uniq_erolcha, uniq_donald, uniq_josephine,
          uniq_azrael
Bailey:   bailey_polearm_4, bailey

Skill      XL: |  1  2  3  4  5  6  7  8  9 10 11 12 13 |
---------------+----------------------------------------+-----
Shields        | 5 6 7 9 10 | 10.0
Axes           | 4 5 6 7 9 10 11 12 13 | 13.1
Evocations     | 5 7 8 |  8.0
Fighting       | 4 6 7 8 |  8.2
Armour         | 4 6 9 10 | 10.2
Dodging        | 3 4 |  4.0
Invocations    | 2 5 |  5.1

Action                   |  1- 3 |  4- 6 |  7- 9 | 10-12 | 13-15 || total
-------------------------+-------+-------+-------+-------+-------++-------
Melee: War axe           |    21 |   108 |   624 |   458 |       ||  1211
       Scimitar          |       |       |       |     2 |       ||     2
       Battleaxe         |       |       |       |   224 |   112 ||   336
 Fire: Arbalest          |       |       |       |    38 |       ||    38
 Abil: Dig               |     1 |       |    11 |    14 |     2 ||    28
Evoke: Wand              |       |       |     4 |    13 |       ||    17
       Rod               |       |       |       |     5 |       ||     5
  Use: Scroll            |       |       |     9 |     9 |       ||    18
       Potion            |       |       |       |     3 |     4 ||     7
  Eat: Chunk             |       |     2 |    22 |    22 |     2 ||    48
       Beef jerky        |       |       |     1 |       |       ||     1
       Royal jelly       |       |       |       |     2 |       ||     2
Armor: Scale mail        |     3 |    39 |    51 |       |       ||    93
       Chain mail        |       |       |   156 |   158 |       ||   314
       Plate armour      |       |       |       |    94 |    29 ||   123
       Skin              |       |       |       |     3 |       ||     3
Dodge: Dodged            |     2 |    57 |   180 |   182 |    23 ||   444
Block: Shield            |    11 |    65 |   395 |   394 |    57 ||   922
